 Dungeon Crawl Stone Soup version 0.26-a0-682-g294304f6e8 (webtiles) character file.

Game seed: 10543801274045528022

578276 vortex the Warrior (level 25, 0/168 HPs)
             Began as a Deep Elf Fire Elementalist on Oct 18, 2020.
             Was the Champion of Vehumet.
             Killed from afar by a war gargoyle (46 damage)
             ... with a spray of metal splinters
             ... on level 5 of the Vaults on Oct 20, 2020.
             The game lasted 09:51:58 (99605 turns).

vortex the Warrior (Deep Elf Fire Elementalist)    Turns: 99605, Time: 09:51:59

Health: 0/168      AC: 23    Str: 18    XL:     25   Next: 85%
Magic:  8/56       EV: 25    Int: 42    God:    Vehumet [******]
Gold:   803        SH:  8    Dex: 12    Spells: 5/61 levels left

rFire    + + .     SeeInvis +   M - +12 lance "Wyrmbane" {slay drac, rPois rF+ rC+ AC+3}
rCold    + . .     Faith    .   Z - +3 buckler {reflect}
rNeg     + + .     Spirit   .   E - +6 acid dragon scales
rPois    +         Reflect  +   d - +1 helmet of Azxanwa {MR+++ Str+4 Int+3 Dex-3}
rElec    .         Harm     .   h - scarf {repulsion}
rCorr    +         Rampage  .   T - +2 pair of gloves {Str+3}
MR       +++++                  N - +2 pair of boots
Stlth    ++........             g - amulet "Mousaomn" {Acrobat Str+6}
HPRegen  0.38/turn              j - ring "Adis" {rF++ Int+6 SInv}
MPRegen  0.35/turn              A - ring of Ynoavat {rF- rN++ MP+9 EV+4 Slay+6}

@: repel missiles
A: blurry vision 1
}: 3/15 runes: barnacled, slimy, gossamer
a: Renounce Religion


You were on level 5 of the Vaults.
You worshipped Vehumet.
Vehumet was exalted by your worship.
You visited 10 branches of the dungeon, and saw 50 of its levels.
You visited 1 bazaar.
You also visited: Gauntlet and Ice Cave.

You collected 8021 gold pieces.
You spent 7218 gold pieces at shops.

Inventory:

Hand Weapons
 C - the +10 dagger "Eviscerator" {freeze, +Blink rElec rN++ Dex+4}
   (You bought it in a shop on level 1 of the Orcish Mines)

   It has been specially enchanted to freeze those struck by it, causing extra
   injury to most foes and up to half again as much damage against particularly
   susceptible opponents.
   It can also slow down cold-blooded creatures.
   It affects your dexterity (+4).
   It insulates you from electricity.
   It greatly protects you from negative energy.
   It lets you blink.
 M - the +12 lance "Wyrmbane" (weapon) {slay drac, rPois rF+ rC+ AC+3}
   (You took it off a deep elf demonologist on level 3 of the Elven Halls)

   It affects your AC (+3).
   It protects you from fire.
   It protects you from cold.
   It protects you from poison.
 X - a +8 hunting sling of freezing
Missiles
 v - 95 poisoned darts (quivered)
 Y - 396 sling bullets
Armour
 d - the +1 helmet of Azxanwa (worn) {MR+++ Str+4 Int+3 Dex-3}
   (You bought it in a shop on level 4 of the Shoals)

   It affects your strength (+4).
   It affects your intelligence (+3).
   It affects your dexterity (-3).
   It affects your resistance to hostile enchantments.
 h - a scarf of repulsion (worn)
 w - a scarf of invisibility
 E - +6 acid dragon scales (worn)
 N - a +2 pair of boots (worn)
 T - a +2 pair of gloves of strength (worn)
 Z - a +3 buckler of reflection (worn)
Jewellery
 g - the amulet "Mousaomn" (around neck) {Acrobat Str+6}
   (You found it on level 6 of the Dungeon)

   [amulet of the acrobat]

   It helps you evade while moving and waiting.
   It affects your strength (+6).
 j - the ring "Adis" (left hand) {rF++ Int+6 SInv}
   (You found it on level 8 of the Dungeon)

   [ring of intelligence]

   It affects your intelligence (+6).
   It greatly protects you from fire.
   It lets you see invisible.
 A - the ring of Ynoavat (right hand) {rF- rN++ MP+9 EV+4 Slay+6}
   (You found it on level 14 of the Dungeon)

   [ring of evasion]

   It affects your evasion (+4).
   It affects your accuracy and damage with ranged weapons and melee attacks
   (+6).
   It makes you vulnerable to fire.
   It greatly protects you from negative energy.
   It affects your magic capacity (+9).
 H - an uncursed ring of flight
Wands
 o - a wand of disintegration (44)
 t - a wand of acid (31)
 B - a wand of iceblast (41)
 P - a wand of digging (9)
Scrolls
 c - 21 scrolls of teleportation
 e - 7 scrolls of magic mapping
 f - 8 scrolls of immolation
 i - 13 scrolls of identify
 n - 7 scrolls of fear
 p - 13 scrolls of blinking
 q - 7 scrolls of fog
 u - a scroll of enchant armour
 x - 25 scrolls of remove curse
 z - 3 scrolls of torment
 D - 2 scrolls of summoning
 J - a scroll of silence
 S - a scroll of holy word
Potions
 b - a potion of brilliance
 l - 18 potions of curing
 m - 5 potions of flight
 r - 4 potions of mutation
 s - 9 potions of resistance
 F - 2 potions of invisibility
 G - 15 potions of ambrosia
 I - 3 potions of cancellation
 R - 5 potions of haste
 V - 3 potions of magic
 W - 13 potions of heal wounds
Miscellaneous
 a - a phial of floods
 k - a lightning rod (4/4)
 L - a tin of tremorstones (3/3)
 O - a condenser vane (2/2)
 Q - a box of beasts (3/3)
 U - a phantom mirror


   Skills:
 + Level 20.0 Fighting
 - Level 4.0 Short Blades
 - Level 8.0 Throwing
 - Level 16.6 Dodging
 - Level 3.5 Stealth
 - Level 4.0 Shields
 - Level 18.6 Spellcasting
 - Level 16.3 Conjurations
 - Level 19.0 Necromancy
 - Level 12.9 Translocations
 * Level 15.1 Transmutations
 + Level 17.7 Fire Magic
 + Level 14.5 Earth Magic
 - Level 7.0 Evocations


You had 5 spell levels left.
You knew the following spells:

 Your Spells              Type           Power        Failure   Level
a - Foxfire               Conj/Fire      ####         0%          1
b - Statue Form           Tmut/Erth      ########.    1%          6
c - Sticky Flame          Conj/Fire      ########     0%          4
d - Necromutation         Tmut/Necr      ########..   4%          8
e - Starburst             Conj/Fire      ########..   1%          6
f - Fireball              Conj/Fire      ########..   0%          5
g - Ignition              Fire           ########..   1%          8
i - Iron Shot             Conj/Erth      ########..   1%          6
m - Mephitic Cloud        Conj/Pois/Air  ######..     1%          3
p - Passwall              Tmut/Erth      ########     0%          2
r - Lee's Rapid Deconstr  Erth           ########..   1%          5
x - Blink                 Tloc           N/A          0%          2

Your spell library contained the following spells:

 Spells                   Type           Power        Failure   Level
 Lehudib's Crystal Spear  Conj/Erth      ########..   2%          8
 Tornado                  Air            #####.....   100%        9
 Animate Skeleton         Necr           ######       0%          1
 Apportation              Tloc           ######       0%          1
 Magic Dart               Conj           ####         0%          1
 Sandblast                Erth           ######       0%          1
 Sublimation of Blood     Necr           ########..   0%          2
 Conjure Flame            Conj/Fire      ########     0%          3
 Gell's Gravitas          Tloc           #######...   0%          3
 Lesser Beckoning         Tloc           #######...   0%          3
 Stone Arrow              Conj/Erth      ######       0%          3
 Dispel Undead            Necr           ########     0%          4
 Agony                    Necr           ########     0%          5
 Excruciating Wounds      Necr           ########..   0%          5
 Corona                   Hex            #####..      1%          1
 Shock                    Conj/Air       ####         1%          1
 Summon Small Mammal      Summ           ####         1%          1
 Call Imp                 Summ           #####...     1%          2
 Corpse Rot               Necr/Air       N/A          1%          2
 Ensorcelled Hibernation  Hex/Ice        #####.       1%          2
 Poisonous Vapours        Pois/Air       #####.       1%          2
 Slow                     Hex            #####...     1%          2
 Swiftness                Air            #####...     1%          2
 Dazzling Flash           Conj/Hex       ######       1%          3
 Inner Flame              Hex/Fire       #######.     1%          3
 Portal Projectile        Hex/Tloc       ######       1%          3
 Static Discharge         Conj/Air       #######.     1%          3
 Fulminant Prism          Conj/Hex       #######...   1%          4
 Leda's Liquefaction      Hex/Erth       #######...   1%          4
 Petrify                  Tmut/Erth      ########     1%          4
 Alistair's Intoxication  Tmut/Pois      #######..    1%          5
 Bolt of Magma            Conj/Fire/Erth ########..   1%          5
 Lightning Bolt           Conj/Air       #######...   1%          5
 Summon Forest            Summ/Tloc      #######...   1%          5
 Call Canine Familiar     Summ           #####...     2%          3
 Confusing Touch          Hex            #####...     2%          3
 Summon Guardian Golem    Hex/Summ       #####...     2%          3
 Tukima's Dance           Hex            #####...     2%          3
 Airstrike                Air            #####.....   2%          4
 Cause Fear               Hex            #####.....   9%          4
 Summon Ice Beast         Ice/Summ       #####...     9%          4
 Summon Lightning Spire   Summ/Air       #####...     9%          4
 Metabolic Englaciation   Hex/Ice        #####.....   22%         5
 Summon Mana Viper        Hex/Summ       #####...     22%         5
 Dispersal                Tloc           #######...   1%          6
 Hydra Form               Tmut           ########..   1%          6
 Borgnjor's Revivificati  Necr           ########..   2%          8
 Infestation              Necr           ########..   2%          8
 Freezing Cloud           Conj/Ice/Air   ######....   4%          6
 Eringya's Noxious Bog    Tmut/Pois      #######...   5%          6
 Haunt                    Necr/Summ      #######...   14%         7
 Disjunction              Tloc           #######...   26%         8
 Death's Door             Necr           ########..   32%         9
 Malign Gateway           Summ/Tloc      #######...   45%         7
 Shatter                  Erth           ########..   45%         9
 Invisibility             Hex            #####...     77%         6
 Shadow Creatures         Summ           N/A          77%         6
 Monstrous Menagerie      Summ           #####.....   100%        7
 Summon Greater Demon     Summ           #####.....   100%        7
 Summon Hydra             Summ           #####.....   100%        7
 Summon Horrible Things   Summ           #####.....   100%        8


Dungeon Overview and Level Annotations

Branches:
Dungeon (15/15)            Temple (1/1) D:6            Lair (6/6) D:11
 Shoals (4/4) Lair:2       Spider (4/4) Lair:2        Slime (5/5) Lair:5
    Orc (2/2) D:12            Elf (3/3) Orc:2        Vaults (5/5) D:13
  Crypt (0/3) Vaults:2     Depths (5/5) D:15            Zot (0/5) Depths:5
  IceCv (visited)         Gauntlet (visited)

Altars:
Ashenzari
Cheibriados
Dithmenos
Elyvilon
Fedhas
Gozag
Hepliaklqana
Kikubaaqudgha
Makhleb
Nemelex Xobeh
Okawaru
Ru
Sif Muna
Trog
Uskayaw
Vehumet
Wu Jian
Xom
The Shining One
Beogh
Jiyva

Shops:
D:9 !   D:10 !   Orc:1 (   Orc:2 ?=**[   Elf:2 }!=:}   Shoals:4 *   Vaults:2 *
Vaults:3 ?   Depths:4 }!

Portals:
Hell: Depths:1 Depths:2 Depths:3 Depths:4 Depths:5
Abyss: Depths:4
Pandemonium: Depths:1 Depths:3
Ziggurat: Depths:2
Trove: Vaults:2 (give 12 potions of heal wounds)


Innate Abilities, Weirdness & Mutations

Scrolls take you a little longer to read.


Message History

The green very ugly thing is heavily wounded.
The green very ugly thing is covered in liquid flames!
The green very ugly thing burns!
A war gargoyle comes into view.
It is wielding a +1 morningstar of holy wrath.
You block the green very ugly thing's attack.
The green very ugly thing burns!
The green very ugly thing burns!
The war gargoyle launches metal splinters at you.
The spray of metal splinters hits you!
Casting: Sticky Flame (safe; 0% risk of failure)
Confirm with . or Enter, or press ? or * to list all spells.
Press: ? - help, Shift-Dir - straight line, f - war gargoyle, p - green very ugly thing
Aim: a war gargoyle, wielding a +1 morningstar of holy wrath (catching its breath)
The iron shot hits the war gargoyle!!
The war gargoyle is severely damaged.
The green very ugly thing burns!
The green very ugly thing bites you!
* * * LOW HITPOINT WARNING * * *
The war gargoyle launches metal splinters at you.
The spray of metal splinters hits you!!!
You die...

### ##†#..##..# ..######
#(.#.###..# ........
##.....##..#
.#############....#÷.#..#
.........[.......##...(.#
####################....#
..... .(.............#
..... .....9.........#
..... .......@u......#
..... ...............#
##### ###########)...#
### #####.....# ..##
##......#..# #..#
#..##..##..# ##.#
#.####.# ..# ##.##
##.####D# ..#
#...####+####..(##..# .#


You could see a green very ugly thing (burning) and a war gargoyle (catching
breath).

Vanquished Creatures
  the Royal Jelly (Slime:5)
  Mara (Depths:1)
  A juggernaut (Depths:3)
  Margery (Depths:4)
  Saint Roka (Depths:2)
  The ghost of TuffENuff the End of an Era, a veteran FoFi of Qazlal (Vaults:4)
  A caustic shrike (Depths:3)
  The ghost of grandjackal the Warrior, a veteran DsGl of Okawaru (Vaults:4)
  A golden dragon (Depths:2)
  Nikola (Spider:3)
  Arachne (Spider:2)
  2 bone dragons (Depths:4)
  6 liches
  5 tentacled monstrosities
  Jorgrun (Spider:2)
  2 quicksilver dragons
  2 deep elf master archers (Elf:3)
  3 titans (Vaults:5)
  2 deep elf blademasters (Elf:3)
  2 sphinxes
  30 acid blobs
  Polyphemus (Shoals:2)
  Roxanne (D:15)
  A storm dragon (Vaults:5)
  5 shadow dragons (Vaults:5)
  16 azure jellies
  The ghost of thriggle the Thaumaturge, an adept BaIE of Gozag (Shoals:1)
  Donald (Spider:2)
  3 fire giants
  10 vault wardens
  10 frost giants
  Louise (Spider:2)
  7 deep elf sorcerers
  9 emperor scorpions
  A draconian knight (Depths:5)
  5 iron dragons
  A draconian shifter (Depths:5)
  6 ghost moths
  3 deep elf elementalists (Elf:3)
  A draconian annihilator (Depths:5)
  Aizul (Shoals:1)
  3 war gargoyles (Vaults:5)
  2 caustic shrike skeletons (Depths:4)
  12 ironheart preservers
  2 juggernaut skeletons (Depths:4)
  30 very ugly things
  25 stone giants
  A spriggan defender (Depths:3)
  7 entropy weavers
  A minotaur (Gauntlet)
  10 deep elf demonologists
  3 vampire knights
  2 black draconians (Depths:5)
  The ghost of relicbr the Fighter, a journeyman OgHu of Vehumet (Lair:2)
  Azrael (Spider:2)
  A purple draconian (Depths:5)
  A yellow draconian (Depths:5)
  13 deep elf annihilators
  A green draconian (Depths:5)
  14 deep elf death magi
  4 spark wasps
  The ghost of reativica the Archer, a journeyman CeHu of Fedhas (Spider:4)
  2 crystal guardians (Vaults:4)
  11 ettins
  4 merfolk javelineers (Shoals:4)
  A blizzard demon (Depths:1)
  10 fire dragons
  9 death oozes
  10 merfolk impalers
  2 great orbs of eyes (shapeshifter)
  Erolcha (Orc:1)
  3 deep elf high priests
  5 ice dragons
  12 great orbs of eyes
  31 vault guards
  2 jiangshi (Depths:2)
  7 rakshasas
  13 yaktaur captains
  7 boulder beetles
  9 hydras
  4 merfolk avatars
  2 hell beasts
  A quicksilver dragon skeleton (Depths:4)
  5 spriggan air magi
  3 catoblepae
  3 alligator snapping turtles
  5 merfolk aquamancers
  10 centaur warriors
  29 dancing weapons
  5 death knights
  An anaconda (Lair:5)
  4 death yaks
  7 deep troll earth magi
  8 ogre magi
  An anaconda (shapeshifter) (Depths:5)
  A satyr (Shoals:2)
  29 two-headed ogres
  An alligator (shapeshifter) (Vaults:5)
  12 tengu warriors
  12 deep troll shamans
  6 vampire magi
  3 spriggan berserkers
  10 hell knights
  28 deep elf knights
  A sixfirhy (Depths:1)
  7 iron trolls
  A shadow wraith (D:13)
  16 skeletal warriors
  10 sea snakes
  2 fire crabs
  2 flayed ghosts
  2 glowing orange brains
  30 deep trolls
  A storm dragon skeleton (Depths:4)
  3 unseen horrors
  6 wizards
  An orange crystal statue (Depths:2)
  19 deep elf archers
  A shadow dragon zombie (Depths:3)
  6 phantasmal warriors
  8 harpies
  11 ironbrand convokers
  A spectral hydra (Lair:2)
  31 wolf spiders
  4 necromancers
  2 golden dragon skeletons (Depths:4)
  66 deep elf magi
  A shining eye (shapeshifter) (D:15)
  9 cyclopes
  23 orb spiders
  8 orc knights
  An orb spider (shapeshifter) (Depths:3)
  3 tengu skeletons (Depths:4)
  55 ugly things
  2 moths of wrath
  18 fauns
  3 orc sorcerers
  A spectral boulder beetle (Lair:2)
  5 shining eyes
  18 manticores
  A moth of wrath (shapeshifter) (Depths:2)
  8 elephants
  4 water nymphs
  A frost giant skeleton (Depths:4)
  7 black mambas
  4 iron dragon skeletons (Depths:4)
  Maurice (D:8)
  8 merfolk sirens
  An ice statue (IceCv)
  7 molten gargoyles
  15 vault sentinels
  A fire giant skeleton (Depths:4)
  2 torpor snails
  A cane toad (shapeshifter) (Vaults:2)
  12 cane toads
  A smoke demon (Depths:1)
  A black mamba (shapeshifter) (Vaults:5)
  An eye of devastation (shapeshifter) (Vaults:5)
  A guardian serpent (shapeshifter) (Vaults:2)
  2 eyes of devastation
  3 gargoyles
  Joseph (D:8)
  4 centaur zombies
  A spriggan skeleton (Depths:4)
  2 minotaur zombies (Gauntlet)
  4 centaur skeletons
  A rime drake (shapeshifter) (Vaults:1)
  2 efreet (D:13)
  18 komodo dragons
  A yaktaur (shapeshifter) (Vaults:2)
  9 freezing wraiths
  47 yaktaurs
  6 rime drakes
  10 demonic crawlers
  An ice devil (Depths:1)
  A queen bee (D:14)
  A tengu conjurer (Depths:4)
  33 jumping spiders
  A jumping spider (shapeshifter) (Vaults:5)
  A red devil (Depths:3)
  15 polar bears
  13 trolls
  8 hornets
  A polar bear (shapeshifter) (Depths:3)
  6 meliai
  10 wind drakes
  34 merfolk
  A hornet (shapeshifter) (Depths:3)
  14 blink frogs
  8 snapping turtles
  14 dream sheep
  145 slime creatures
  A wind drake (shapeshifter) (D:15)
  Sigmund (D:3)
  12 flying skulls (Depths:4)
  2 spectral black mambas (Lair:2)
  3 wyverns
  86 redbacks
  A spriggan (Depths:4)
  An air elemental (Elf:2)
  A shadow (D:13)
  A fire bat (Lair:4)
  A vampire (D:15)
  32 water elementals
  9 wraiths
  A hog (shapeshifter) (Vaults:3)
  A basilisk (shapeshifter) (Depths:4)
  58 yaks
  40 tarantellas
  A yak (shapeshifter) (Depths:4)
  Grum (Lair:1)
  15 fire elementals
  2 golden eyes (Slime:2)
  8 basilisks
  A neqoxec (Depths:1)
  2 elf skeletons (Depths:4)
  A warg (Depths:2)
  2 steam dragons (Lair:6)
  12 vampire mosquitoes
  A naga (shapeshifter) (D:13)
  A soldier ant (D:12)
  3 acid dragons
  9 hell hounds
  12 water moccasins
  A floating eye (Depths:3)
  43 orc warriors
  7 sky beasts
  A black bear (shapeshifter) (Vaults:4)
  A black mamba simulacrum (Lair:2)
  2 hornet zombies
  13 ice beasts
  5 phantoms
  5 black bears
  3 eyes of draining
  10 boggarts
  9 necrophages
  29 ogres
  24 wolves
  31 centaurs
  4 big kobolds
  4 earth elementals
  18 bullfrogs
  Blork the orc (D:4)
  A cane toad simulacrum (Lair:2)
  5 gnoll sergeants
  A water moccasin zombie (D:7)
  6 scorpions
  26 killer bees
  10 wights
  2 electric eels
  2 bullfrog zombies
  3 crimson imps
  5 lava snakes (Lair:6)
  3 quasits
  8 jellies
  5 hounds
  An iron imp (Depths:1)
  12 orc priests
  29 orc wizards
  A bullfrog skeleton (D:6)
  A gnoll shaman (D:9)
  5 iguanas
  12 worker ants
  2 yak simulacra (Lair:2)
  A polar bear simulacrum (Lair:2)
  4 wolf simulacra (Lair:2)
  2 hound skeletons
  A mummy (D:7)
  4 worker ant zombies
  15 gnolls
  A howler monkey skeleton (D:6)
  12 adders
  6 shadow imps
  A white imp (D:9)
  7 ufetubi
  2 adder skeletons
  2 worms
  4 dart slugs
  7 leopard geckos
  79 orcs
  A ball python (D:4)
  8 giant cockroaches
  9 goblins
  5 hobgoblins
  19 jackals
  5 quokkas
  7 bats
  4 frilled lizards
  2 jackal skeletons
  10 kobolds
  4 quokka skeletons
  A quokka zombie (D:5)
  7 rats
  4 river rat simulacra (Lair:2)
  4 crawling corpses
  A tentacle (Shoals:2)
2399 creatures vanquished.

Vanquished Creatures (collateral kills)
  An ironheart preserver (Vaults:4)
  A boulder beetle (D:12)
  37 foxfires
39 creatures vanquished.

Vanquished Creatures (others)
  A ghost moth (Spider:3)
  4 deep elf magi (Elf:2)
  A jumping spider (Spider:3)
  A slime creature (Vaults:1)
  2 redbacks
  4 yaks (IceCv)
  2 wolves (IceCv)
  16 bushes (Elf:1)
  3190 foxfires
  42 fungi
  213 plants
  11 tentacles (Shoals:2)
  4 withered plants (D:7)
3491 creatures vanquished.

Grand Total: 5929 creatures vanquished

Notes
Turn   | Place    | Note
-------+----------+-------------------------------------------
     0 | D:1      | vortex the Deep Elf Fire Elementalist began the quest for
                  | the Orb.
     0 | D:1      | Reached XP level 1. HP: 10/10 MP: 6/6
   159 | D:1      | Reached XP level 2. HP: 16/16 MP: 1/8
   926 | D:2      | Reached XP level 3. HP: 20/20 MP: 6/9
  1056 | D:2      | Reached skill level 1 in Fighting
  1596 | D:3      | Noticed Sigmund
  1605 | D:3      | Killed Sigmund
  1605 | D:3      | Reached skill level 2 in Fighting
  1605 | D:3      | Reached XP level 4. HP: 16/26 MP: 4/12
  1605 | D:3      | Reached XP level 5. HP: 18/30 MP: 4/13
  1614 | D:3      | Learned a level 4 spell: Sticky Flame
  1620 | D:3      | Learned a level 5 spell: Fireball
  1990 | D:3      | Reached XP level 6. HP: 35/35 MP: 5/14
  2742 | D:3      | Found a sparkling altar of Nemelex Xobeh.
  2924 | D:4      | Noticed Blork the orc
  2934 | D:4      | Killed Blork the orc
  3123 | D:4      | Found an iron altar of Okawaru.
  3244 | D:4      | Reached XP level 7. HP: 40/40 MP: 9/15
  3389 | D:4      | Reached skill level 3 in Fighting
  3526 | D:4      | Found a sacrificial altar of Ru.
  3604 | D:5      | Entered Level 5 of the Dungeon
  3865 | D:5      | Found an ornate altar of the Wu Jian Council.
  3872 | D:5      | Reached skill level 5 in Spellcasting
  3962 | D:5      | Reached skill level 5 in Conjurations
  4197 | D:5      | Reached skill level 1 in Shields
  4197 | D:5      | Reached XP level 8. HP: 47/47 MP: 7/18
  5068 | D:6      | Found a staircase to the Ecumenical Temple.
  5073 | Temple   | Entered the Ecumenical Temple
  5094 | Temple   | Became a worshipper of Vehumet
  5112 | D:6      | Upgraded the game from 0.26-a0-667-g92642533e4 to
                  | 0.26-a0-668-gd58323b419
  5139 | D:6      | Found a sacrificial altar of Ru.
  5144 | D:6      | Got a wavering crystal amulet
  5151 | D:6      | Identified the amulet "Mousaomn" {Acrobat Str+6} (You found
                  | it on level 6 of the Dungeon)
  5208 | D:6      | Found an ornate altar of the Wu Jian Council.
  5223 | D:6      | Reached skill level 4 in Fighting
  5249 | D:6      | Found a glowing golden altar of the Shining One.
  5376 | D:6      | Reached skill level 5 in Fire Magic
  5541 | D:6      | Reached skill level 5 in Dodging
  5878 | D:7      | Found a shadowy altar of Dithmenos.
  5951 | D:7      | Found an ancient bone altar of Kikubaaqudgha.
  6045 | D:7      | Reached XP level 9. HP: 52/52 MP: 15/20
  6063 | D:7      | Reached * piety under Vehumet
  6063 | D:7      | Offered knowledge of Freeze by Vehumet.
  6300 | D:7      | Found a shimmering blue altar of Sif Muna.
  6452 | D:7      | Found a bloodstained altar of Trog.
  6461 | D:7      | Reached skill level 5 in Fighting
  7110 | D:7      | Found a hide-covered altar of Uskayaw.
  7473 | D:8      | Reached ** piety under Vehumet
  7497 | D:8      | Noticed Joseph
  7515 | D:8      | Killed Joseph
  7526 | D:8      | Offered knowledge of Searing Ray by Vehumet.
  7747 | D:8      | Noticed Maurice
  7763 | D:8      | Killed Maurice
  7763 | D:8      | Reached XP level 10. HP: 56/60 MP: 14/23
  7912 | D:8      | Got a fine ivory ring
  7914 | D:8      | Identified the ring "Adis" {rF++ Int+6 SInv} (You found it
                  | on level 8 of the Dungeon)
  8130 | D:9      | Found Aseutalurgh's Distillery.
  8130 | D:9      | Noticed a two-headed ogre
  8135 | D:9      | Killed a two-headed ogre
  8135 | D:9      | Reached skill level 6 in Fighting
  8297 | D:9      | Bought a potion of resistance for 160 gold pieces
  8297 | D:9      | Bought 2 potions of curing for 96 gold pieces
  8297 | D:9      | Bought a potion of heal wounds for 80 gold pieces
  8474 | D:9      | Offered knowledge of Mephitic Cloud by Vehumet.
  9006 | D:9      | Found a blossoming altar of Fedhas.
  9302 | D:10     | Entered Level 10 of the Dungeon
  9629 | D:10     | Found Haarerac's Distillery.
  9724 | D:10     | Noticed a deep elf mage
  9751 | D:9      | Reached *** piety under Vehumet
 10168 | D:10     | Reached skill level 7 in Fighting
 10181 | D:10     | Killed a deep elf mage
 10688 | D:9      | Bought a potion of resistance for 160 gold pieces
 10712 | D:10     | Noticed an unseen horror
 10716 | D:10     | Killed an unseen horror
 10716 | D:10     | Reached XP level 11. HP: 63/67 MP: 14/25
 11220 | D:11     | Offered knowledge of Fulminant Prism by Vehumet.
 11365 | D:11     | Found a staircase to the Lair.
 11904 | D:11     | Reached skill level 8 in Fighting
 12204 | D:11     | Reached **** piety under Vehumet
 12773 | D:12     | Offered knowledge of Hailstorm by Vehumet.
 12987 | D:12     | Reached skill level 10 in Spellcasting
 13243 | D:12     | Found a staircase to the Orcish Mines.
 13761 | D:12     | Upgraded the game from 0.26-a0-668-gd58323b419 to
                  | 0.26-a0-672-g1df16c3386
 13835 | Lair:1   | Entered Level 1 of the Lair of Beasts
 13839 | Lair:1   | Reached skill level 10 in Conjurations
 13841 | Lair:1   | Reached XP level 12. HP: 75/75 MP: 12/28
 14026 | Lair:1   | Reached skill level 9 in Fighting
 14179 | Lair:1   | Noticed Grum
 14182 | Lair:1   | Killed Grum
 14185 | Lair:1   | Reached ***** piety under Vehumet
 14249 | Lair:1   | Offered knowledge of Bolt of Magma by Vehumet.
 14252 | Lair:1   | Found a frozen archway.
 14273 | IceCv    | Entered an ice cave
 15497 | IceCv    | Reached skill level 10 in Dodging
 16146 | IceCv    | Noticed a frost giant
 16150 | IceCv    | Noticed a death yak
 16156 | IceCv    | Killed a frost giant
 16156 | IceCv    | Reached skill level 10 in Fighting
 16213 | IceCv    | Killed a death yak
 16852 | Lair:1   | Reached skill level 1 in Evocations
 17208 | Lair:1   | Learned a level 2 spell: Blink
 17214 | Lair:1   | Learned a level 5 spell: Bolt of Magma
 17218 | Lair:1   | Learned a level 3 spell: Mephitic Cloud
 17236 | Lair:1   | Reached XP level 13. HP: 82/82 MP: 18/30
 17947 | D:9      | Bought a potion of resistance for 160 gold pieces
 17947 | D:9      | Bought 2 potions of curing for 96 gold pieces
 17947 | D:9      | Bought a potion of lignification for 48 gold pieces
 17947 | D:9      | Bought a potion of berserk rage for 80 gold pieces
 17992 | D:10     | Bought a potion of curing for 48 gold pieces
 17992 | D:10     | Bought a potion of cancellation for 128 gold pieces
 18084 | Lair:2   | Reached skill level 10 in Fire Magic
 18197 | Lair:2   | Reached skill level 1 in Translocations
 18208 | Lair:2   | Found a staircase to the Shoals.
 18248 | Lair:2   | Reached skill level 1 in Earth Magic
 18449 | Lair:2   | Found a hole to the Spider Nest.
 18730 | Lair:2   | Found a runed translucent gate.
 18730 | Lair:2   | Found a runed translucent gate.
 18730 | Lair:2   | Found a runed translucent gate.
 18735 | Lair:2   | Noticed relicbr's ghost (journeyman OgHu)
 18760 | Lair:2   | Offered knowledge of Starburst by Vehumet.
 18765 | Lair:2   | Killed relicbr's ghost
 18773 | Lair:2   | Learned a level 6 spell: Starburst
 19803 | Lair:3   | Reached skill level 1 in Throwing
 21883 | Lair:4   | Found a transporter.
 22003 | Lair:4   | Found a transporter.
 23182 | Lair:5   | Offered knowledge of Ozocubu's Refrigeration by Vehumet.
 23419 | Lair:5   | Reached XP level 14. HP: 88/88 MP: 28/32
 23469 | Lair:5   | Reached skill level 11 in Fighting
 23679 | Lair:5   | Found a staircase to the Slime Pits.
 24592 | Lair:6   | Entered Level 6 of the Lair of Beasts
 24965 | Lair:6   | Reached skill level 5 in Throwing
 27053 | Lair:6   | Reached skill level 5 in Translocations
 27053 | Lair:6   | Reached skill level 5 in Earth Magic
 27505 | Lair:6   | Found a large runed translucent door.
 27505 | Lair:6   | Found a large runed translucent door.
 29092 | D:13     | Offered knowledge of Conjure Ball Lightning by Vehumet.
 30481 | D:13     | Reached XP level 15. HP: 96/96 MP: 14/34
 30672 | D:13     | Reached skill level 5 in Evocations
 30746 | D:13     | Found a gate to the Vaults.
 30911 | D:14     | Found a gate leading to a gauntlet.
 30920 | Gauntlet | Entered a Gauntlet
 30920 | Gauntlet | Found a large runed translucent door.
 30920 | Gauntlet | Found a large runed translucent door.
 30920 | Gauntlet | Found a large runed translucent door.
 30920 | Gauntlet | Found a large runed translucent door.
 30920 | Gauntlet | Found a large runed translucent door.
 30920 | Gauntlet | Found a large runed translucent door.
 30920 | Gauntlet | Found a large runed translucent door.
 30920 | Gauntlet | Found a large runed translucent door.
 30920 | Gauntlet | Found a runed translucent door.
 30920 | Gauntlet | Found a runed translucent gate.
 30920 | Gauntlet | Found a transporter.
 30920 | Gauntlet | Found a transporter.
 30920 | Gauntlet | Found a runed translucent gate.
 30920 | Gauntlet | Found a transporter.
 30920 | Gauntlet | Found a transporter.
 31276 | Gauntlet | Found a transporter.
 31284 | Gauntlet | Identified the ring "Ikhear" {rC+ Stlth+}
 31290 | Gauntlet | Found a transporter.
 31292 | Gauntlet | Found a transporter.
 31306 | Gauntlet | Found a transporter.
 31321 | Gauntlet | Found a transporter.
 31338 | Gauntlet | Found a transporter.
 31342 | Gauntlet | Found a transporter.
 31343 | Gauntlet | Found the amulet of the Air {Inacc +Fly rElec EV+5 RMsl}
 31352 | Gauntlet | Found a transporter.
 31358 | Gauntlet | Found a runed translucent gate.
 31359 | Gauntlet | Found a large runed translucent door.
 31359 | Gauntlet | Found a large runed translucent door.
 31360 | Gauntlet | Found a large runed translucent door.
 31361 | Gauntlet | Found a large runed translucent door.
 31362 | Gauntlet | Found a large runed translucent door.
 31362 | Gauntlet | Found a large runed translucent door.
 31362 | Gauntlet | Found a runed translucent door.
 31363 | Gauntlet | Found a large runed translucent door.
 31364 | Gauntlet | Found a large runed translucent door.
 31758 | Gauntlet | Got an ichor-stained hat
 31769 | Gauntlet | Identified the +2 hat of the Armoured One {MR+} (You found
                  | it in a Gauntlet)
 32511 | D:13     | Reached skill level 12 in Fighting
 33058 | D:14     | Got a faintly humming plate armour
 33570 | D:14     | Got a pitted amber ring
 33572 | D:14     | Identified the ring of Ynoavat {rF- rN++ MP+9 EV+4 Slay+6}
                  | (You found it on level 14 of the Dungeon)
 33802 | D:15     | Entered Level 15 of the Dungeon
 33807 | D:15     | Offered knowledge of Iron Shot by Vehumet.
 33815 | D:15     | Learned a level 6 spell: Iron Shot
 34635 | D:10     | Bought a potion of ambrosia for 128 gold pieces
 35539 | D:15     | Noticed Roxanne
 35663 | D:15     | Killed Roxanne
 35762 | D:15     | Learned a level 6 spell: Statue Form
 36068 | D:15     | Identified a scroll of acquirement
 36069 | D:15     | Acquired a book of Geomancy
 36074 | D:15     | Learned a level 2 spell: Passwall
 36080 | D:15     | Learned a level 5 spell: Lee's Rapid Deconstruction
 36625 | D:15     | Found a staircase to the Depths.
 36733 | Orc:1    | Entered Level 1 of the Orcish Mines
 36784 | Orc:1    | Found a roughly hewn altar of Beogh.
 36929 | Orc:1    | Found Qodezu's Antique Weapon Shoppe.
 37155 | Orc:1    | Noticed Erolcha
 37160 | Orc:1    | Killed Erolcha
 37160 | Orc:1    | Reached skill level 1 in Transmutations
 37236 | Orc:1    | Bought a twisted dagger for 189 gold pieces
 37236 | Orc:1    | Identified the +10 dagger "Eviscerator" {freeze, +Blink
                  | rElec rN++ Dex+4} (You bought it in a shop on level 1 of
                  | the Orcish Mines)
 37238 | Orc:1    | Bought a twisted flail for 229 gold pieces
 37238 | Orc:1    | Identified the +6 flail of the Leaping Madman {flame,
                  | *Contam rN+ Int+4 Dex+3} (You bought it in a shop on level
                  | 1 of the Orcish Mines)
 37597 | Orc:2    | Entered Level 2 of the Orcish Mines
 38185 | Orc:2    | Reached XP level 16. HP: 103/103 MP: 15/35
 38358 | Orc:2    | Offered knowledge of Iskenderun's Battlesphere by Vehumet.
 38562 | Orc:2    | Found a roughly hewn altar of Beogh.
 38774 | Orc:2    | Found a staircase to the Elven Halls.
 39015 | Orc:2    | Found Wuuppyd's Assorted Antiques.
 39023 | Orc:2    | Bought a scroll of teleportation for 84 gold pieces
 39023 | Orc:2    | Bought a scroll of blinking for 210 gold pieces
 39150 | Orc:2    | Found Wetorin's Antique Armour Shop.
 39162 | Orc:2    | Bought a crude leather armour for 189 gold pieces
 39162 | Orc:2    | Bought a glowing helmet for 202 gold pieces
 39162 | Orc:2    | Bought a glowing kite shield for 202 gold pieces
 39215 | Orc:2    | Identified the +1 leather armour "Gamamyot" {Regen+} (You
                  | bought it in a shop on level 2 of the Orcish Mines)
 39285 | Orc:2    | Found Motazal's Jewellery Boutique.
 39285 | Orc:2    | Found Dahuathimor's Magic Scroll Shoppe.
 39287 | Orc:2    | Found Mipit's General Store.
 39289 | Orc:2    | Found Teduosed's General Store.
 39294 | Orc:2    | Bought a scroll of fear for 52 gold pieces
 40029 | Spider:1 | Entered Level 1 of the Spider Nest
 40349 | Spider:1 | Reached skill level 1 in Short Blades
 42743 | Spider:2 | Noticed Arachne
 42917 | Spider:2 | Noticed Azrael
 43215 | Spider:2 | Killed Azrael
 43572 | Spider:2 | Noticed Donald
 43575 | Spider:2 | Killed Donald
 43575 | Spider:2 | Offered knowledge of Spellforged Servitor by Vehumet.
 43575 | Spider:2 | Noticed Louise
 43576 | Spider:2 | Noticed Jorgrun
 43747 | Spider:2 | Killed Jorgrun
 43879 | Spider:2 | Killed Louise
 44622 | Spider:2 | Killed Arachne
 44622 | Spider:2 | Reached skill level 13 in Fighting
 46127 | Spider:3 | Reached XP level 17. HP: 108/108 MP: 34/37
 46940 | Spider:3 | Noticed Nikola
 47221 | Spider:3 | Identified the Guide on Supportive Orientation
 47334 | Spider:3 | Found a runed translucent door.
 47542 | Spider:3 | Killed Nikola
 48222 | Spider:4 | Entered Level 4 of the Spider Nest
 48224 | Spider:4 | Reached skill level 5 in Transmutations
 49542 | Spider:3 | Reached ****** piety under Vehumet
 49719 | Spider:3 | Paralysed by a hornet for 1 turns
 51038 | Spider:4 | Reached skill level 15 in Spellcasting
 52133 | Spider:4 | Found a runed translucent gate.
 52134 | Spider:4 | Found a runed translucent gate.
 52135 | Spider:4 | Found a runed translucent gate.
 52135 | Spider:4 | Noticed reativica's ghost (journeyman CeHu)
 52301 | Spider:4 | Got a gossamer rune of Zot
 52498 | Shoals:1 | Entered Level 1 of the Shoals
 52754 | Shoals:1 | Offered knowledge of Lehudib's Crystal Spear by Vehumet.
 52754 | Shoals:1 | Offered knowledge of Tornado by Vehumet.
 52754 | Shoals:1 | Offered knowledge of Ignition by Vehumet.
 52883 | Shoals:1 | Found a runed translucent gate.
 52883 | Shoals:1 | Found a runed translucent gate.
 52883 | Shoals:1 | Found a runed translucent gate.
 52887 | Shoals:1 | Noticed thriggle's ghost (adept BaIE)
 53045 | Shoals:1 | You fall into a shaft and drop 1 floor!
 53073 | Shoals:2 | Reached XP level 18. HP: 116/116 MP: 22/39
 53093 | Shoals:2 | Noticed Polyphemus
 53935 | Shoals:1 | Noticed Aizul
 53941 | Shoals:1 | Killed Aizul
 54781 | Shoals:2 | Reached skill level 14 in Fighting
 55362 | Shoals:2 | Killed Polyphemus
 57558 | Shoals:3 | Learned a level 8 spell: Ignition
 57559 | Shoals:4 | Entered Level 4 of the Shoals
 57599 | Shoals:4 | Reached skill level 10 in Earth Magic
 57708 | Shoals:4 | Got a sparkling sapphire amulet
 57709 | Shoals:4 | Identified the amulet of Uleapp {Spirit Slay+2} (You found
                  | it on level 4 of the Shoals)
 58103 | Shoals:4 | Found Othraul's Assorted Antiques.
 58311 | Shoals:4 | Reached skill level 10 in Translocations
 59746 | Shoals:4 | Bought a brightly glowing helmet for 304 gold pieces
 59746 | Shoals:4 | Bought a scroll of blinking for 240 gold pieces
 59756 | Shoals:4 | Identified the +1 helmet of Azxanwa {MR+++ Str+4 Int+3
                  | Dex-3} (You bought it in a shop on level 4 of the Shoals)
 59757 | Shoals:4 | Bought a scroll of identify for 64 gold pieces
 59757 | Shoals:4 | Bought a scroll of immolation for 112 gold pieces
 59844 | Shoals:4 | Got a barnacled rune of Zot
 60408 | Vaults:1 | Entered Level 1 of the Vaults
 60511 | Vaults:1 | Reached XP level 19. HP: 122/122 MP: 40/40
 62922 | Vaults:1 | Found a burning altar of Makhleb.
 63237 | Vaults:2 | Found a staircase to the Crypt.
 63881 | Vaults:2 | Reached skill level 15 in Fighting
 64219 | Vaults:2 | Reached skill level 15 in Dodging
 64326 | Vaults:2 | You fall into a shaft and drop 2 floors!
 65049 | Vaults:4 | Found a large runed translucent door.
 65050 | Vaults:4 | Found a large runed translucent door.
 65053 | Vaults:4 | Noticed grandjackal's ghost (veteran DsGl)
 65053 | Vaults:4 | Noticed TuffENuff's ghost (veteran FoFi)
 65321 | Vaults:4 | Reached XP level 20. HP: 129/129 MP: 42/42
 65980 | Vaults:4 | Reached skill level 15 in Conjurations
 67110 | Vaults:3 | You fall into a shaft and drop 1 floor!
 67561 | Vaults:3 | Found Duqipinui's Magic Scroll Boutique.
 67579 | Vaults:2 | Found Feudihot's Assorted Antiques.
 67587 | Vaults:2 | Bought 2 potions of heal wounds for 410 gold pieces
 67831 | Vaults:2 | Found a portal to a secret trove of treasure.
 68432 | Vaults:2 | Bought a pair of glowing boots for 307 gold pieces
 68480 | Vaults:3 | Got a steaming lapis lazuli ring
 68481 | Vaults:3 | Identified the ring of Ziulisef {Fire rN+++ MR+ Int-4
                  | Dex-3} (You found it on level 3 of the Vaults)
 69387 | Vaults:3 | Bought a scroll of blinking for 142 gold pieces
 70121 | Elf:1    | Entered Level 1 of the Elven Halls
 70308 | Elf:1    | Reached skill level 10 in Transmutations
 71616 | Elf:2    | Found Yjiashia's Book Shop.
 71732 | Elf:2    | Reached XP level 21. HP: 136/136 MP: 24/44
 71883 | Elf:2    | Found Eguja's Jewellery Emporium.
 71904 | Elf:2    | Found Neth's Distillery.
 71992 | Elf:2    | Bought a potion of haste for 210 gold pieces
 72704 | Elf:2    | Found Uhoulovo's Gadget Shop.
 72923 | Elf:2    | Found a large runed translucent door.
 72923 | Elf:2    | Found a large runed translucent door.
 72946 | Elf:2    | Found a large runed translucent door.
 72946 | Elf:2    | Found a large runed translucent door.
 73122 | Elf:2    | Found Gexipue's Gadget Boutique.
 73823 | Elf:2    | Reached skill level 16 in Fighting
 73940 | Elf:2    | Reached skill level 15 in Fire Magic
 74504 | Elf:3    | Entered Level 3 of the Elven Halls
 75311 | Elf:3    | Found an ancient bone altar of Kikubaaqudgha.
 76029 | Elf:3    | Identified the +6 long sword of Extermination {flame,
                  | Int+5}
 76867 | Elf:3    | Found the +0 mask of the Dragon {MR+ Slay+3 SInv}
 77327 | Slime:1  | Entered Level 1 of the Pits of Slime
 77722 | Depths:1 | Entered Level 1 of the Depths
 78091 | Slime:1  | Gained mutation: Scrolls take you a little longer to read.
                  | [a shining eye]
 78271 | Slime:1  | Found a viscous altar of Jiyva.
 78507 | Slime:2  | Reached XP level 22. HP: 143/143 MP: 38/46
 78740 | Slime:2  | Reached skill level 17 in Fighting
 80543 | Slime:4  | Found a viscous altar of Jiyva.
 80638 | Slime:4  | Reached skill level 18 in Fighting
 81170 | Slime:5  | Entered Level 5 of the Pits of Slime
 81330 | Slime:5  | Noticed the Royal Jelly
 81813 | Slime:5  | Found a viscous altar of Jiyva.
 81819 | Slime:5  | Found the +2 ratskin cloak {*Rats rPois rN+ Str-1 Int-1
                  | Dex+1}
 82043 | Slime:5  | Killed the Royal Jelly
 82216 | Slime:5  | Got a slimy rune of Zot
 82303 | Slime:5  | Acquired 1013 gold pieces
 82307 | Slime:5  | Got a crystal halberd
 82310 | Slime:5  | Identified the +10 halberd "Fenlul" {flame, rC+} (You found
                  | it on level 5 of the Pits of Slime)
 82365 | Slime:5  | Identified the Almanac of Doomed Curses
 82376 | Slime:5  | Got a smoking bronze ring
 82378 | Slime:5  | Identified the ring "Wite" {+Blink Str+3 Dex+6} (You found
                  | it on level 5 of the Pits of Slime)
 82882 | Elf:2    | Bought a Necronomicon for 1766 gold pieces
 82891 | Elf:2    | Learned a level 8 spell: Necromutation
 82923 | Elf:2    | Bought a potion of resistance for 210 gold pieces
 82923 | Elf:2    | Bought a potion of resistance for 210 gold pieces
 82945 | Elf:2    | Bought a wand of iceblast (7) for 154 gold pieces
 83235 | Shoals:1 | Killed thriggle's ghost
 83520 | Spider:4 | Reached skill level 1 in Necromancy
 83523 | Spider:4 | Killed reativica's ghost
 84268 | Vaults:4 | Upgraded the game from 0.26-a0-672-g1df16c3386 to
                  | 0.26-a0-682-g294304f6e8
 85111 | Depths:1 | Found a gateway to Hell.
 85210 | Depths:1 | Reached XP level 23. HP: 153/153 MP: 38/47
 85624 | Depths:1 | Reached skill level 19 in Fighting
 85765 | Depths:1 | Found a one-way gate leading to the halls of Pandemonium.
 85866 | Depths:2 | Noticed Mara
 85868 | Depths:2 | Reached skill level 5 in Necromancy
 85875 | Depths:1 | Killed Mara
 87552 | Depths:2 | Reached skill level 10 in Necromancy
 87862 | Depths:2 | Found a gateway to a ziggurat.
 87905 | Depths:2 | Noticed Saint Roka
 88130 | Depths:2 | Killed Saint Roka
 88954 | Elf:2    | Bought a wand of digging (7) for 242 gold pieces
 89450 | Depths:2 | Identified the +9 morningstar of Greed {flame, MR+ SInv}
                  | (You found it on level 2 of the Depths)
 89453 | Depths:2 | Identified the +4 morningstar of Kyurr {elec, rF+ MR+
                  | Dex-3} (You found it on level 2 of the Depths)
 91595 | Depths:3 | Noticed a caustic shrike
 91602 | Depths:3 | Killed a caustic shrike
 92720 | Depths:3 | Reached XP level 24. HP: 161/161 MP: 47/47
 92769 | Depths:3 | Identified the amulet of Vyoguro {Reflect +Fly rC- Dex+3
                  | SH+5 SInv}
 92866 | Depths:3 | Noticed a juggernaut
 92872 | Depths:3 | Killed a juggernaut
 92872 | Depths:3 | Reached skill level 15 in Necromancy
 93855 | Depths:4 | Found a flickering gateway to a bazaar.
 93864 | Bazaar   | Entered a bazaar
 93867 | Bazaar   | Found Teoxuol's Weapon Shoppe.
 93870 | Bazaar   | Found Sisuot's Distillery.
 93878 | Bazaar   | Found Feises's Book Shop.
 93896 | Bazaar   | Found Xedohiff's Gadget Boutique.
 93928 | Bazaar   | Bought a potion of haste for 170 gold pieces
 93928 | Bazaar   | Bought a potion of heal wounds for 85 gold pieces
 93928 | Bazaar   | Bought a potion of curing for 51 gold pieces
 93997 | Depths:4 | Found Xuhes's Gadget Shoppe.
 94012 | Depths:4 | Found Moxiqup's Distillery.
 94349 | Depths:4 | Identified the cursed +0 spear "Gusid Ymm" {vorpal, rElec
                  | rPois Str+2 Dex+4} (You found it on level 4 of the Depths)
 94949 | Depths:4 | Found a one-way gate to the infinite horrors of the Abyss.
 95350 | Depths:5 | Entered Level 5 of the Depths
 95497 | Depths:5 | Noticed Margery
 95643 | Depths:4 | Killed Margery
 96744 | Depths:4 | Reached XP level 25. HP: 93/166 MP: 8/47
 97524 | Depths:5 | Found a gate to the Realm of Zot.
 97945 | Vaults:4 | Killed grandjackal's ghost
 97951 | Vaults:4 | Killed TuffENuff's ghost
 98097 | Vaults:5 | Entered Level 5 of the Vaults
 99332 | Vaults:5 | Reached skill level 20 in Fighting
 99332 | Vaults:5 | Reached skill level 15 in Transmutations
 99605 | Vaults:5 | Killed from afar by a war gargoyle

Illustrated notes

Levels and vault maps discovered:
D:1:      sevenhm_arrival_forest_fort_large_1, layout_rooms
D:2:      layout_rooms, minmay_misc_feat_square
D:3:      layout_rooms, nemelex_lonely_heart_becter, uniq_sigmund
D:4:      layout_rooms, okawaru_ov_weapons_minmay, lemuel_round_altar,
          uniq_blork_the_orc
D:5:      layout_rooms, basic_altar, serial_glass, glass_columns_b,
          glass_columns_a, item_on_display_a, item_on_display_a,
          minmay_strange_pillars, minmay_strange_pillars, grunt_decor_arrowhead,
          palyth_stone_intersect
D:6:      layout_rooms, kennysheep_mini_moat, old_standard_altar,
          minmay_temple_entry_statues_pillars, basic_altar
D:7:      cheibrodos_iron_armory, layout_cave_pools, marbit_many_paths,
          kennysheep_little_box, kennysheep_mini, old_standard_altar,
          serial_undead, serial_undead_f, serial_undead_e, serial_undead_b,
          serial_undead_c, serial_undead_f, serial_undead_f, serial_undead_b,
          serial_undead_d, serial_undead_c, serial_undead_d,
          nicolae_dithmenos_through_a_glass_darkly
D:8:      layout_cave_pools, uniq_maurice, uniq_joseph
D:9:      layout_big_octagon, lemuel_round_altar, serial_shops,
          nicolae_shop_trees, enter_bailey_6, serial_gnoll_camp,
          gnoll_camp_medium_02
D:10:     layout_irregular_city, serial_shops, shop
D:11:     layout_rooms, david_lair_shrubbed, st_stairs_14
D:12:     layout_small_grid, kennysheep_orc_monster_closet_entryway
D:13:     layout_gridville, david_vaults_5, kb_rosetta
D:14:     layout_irregular_city, gauntlet_entry_generic, serial_bayou_pond_b,
          minivault_7
D:15:     gammafunk_enter_depths_forms, layout_loops_ring, serial_glass,
          glass_columns_a, glass_columns_b, glass_columns_b, minmay_misc_feat_x,
          uniq_roxanne
Temple:   nicolae_temple_god_jail
Lair:1:   layout_loops_ring, portal_ice_cave_entry_ice_beasts, uniq_grum
Lair:2:   layout_regular_city, minmay_shoals_entry_centaurs,
          spider_nest_entry_rubble, gammafunk_ghost_necromancy,
          eino_house_with_fridge
Lair:3:   layout_small_grid
Lair:4:   gammafunk_cloud_chamber, layout_regular_city
Lair:5:   layout_loops_ring, minmay_slime_entry_pillars, minmay_shattered_shrine
Lair:6:   cheibrodos_lair_end_hotspot, layout_cave_pods, serial_bayou_pond_b,
          columned_hall_lemuel, chequers_serial_rivers_small_a
Shoals:1: layout_shoals, gammafunk_ghost_split, uniq_aizul
Shoals:2: layout_shoals, uniq_polyphemus
Shoals:3: layout_shoals
Shoals:4: shoals_end_grunt_ice, layout_shoals, serial_shops,
          nicolae_shop_waterfront
Spider:1: layout_chambers
Spider:2: layout_spider_delve, nicolae_spider_cling_halls, uniq_arachne,
          uniq_donald, uniq_azrael, uniq_louise, uniq_jorgrun
Spider:3: cheibrodos_spider_deadly_dance, uniq_nikola
Spider:4: grunt_spider_rune_island, gammafunk_ghost_split
Slime:1:  layout_caves, basic_altar
Slime:2:  layout_caves
Slime:3:  layout_caves
Slime:4:  cheibrodos_slime_lost_civilization_8, layout_caves, basic_altar
Slime:5
Orc:1:    layout_caves, serial_shops, shop_statue, basic_altar, mines4_lemuel,
          uniq_erolcha
Orc:2:    st_orc_rangers, layout_diamond_mine, basic_altar, serial_shops, shop,
          shop_statue, minmay_orc_keep
Elf:1:    elf_arrival_001, layout_geoelf_diagonals, hangedman_elf_represent,
          minivault_8
Elf:2:    layout_geoelf_octagon, serial_shops, nicolae_shop_waterfront,
          nicolae_shop_behind_doors, nicolae_shop_competitors_out_of_business,
          nicolae_shop_behind_doors, nicolae_shop_crystal, lemuel_flame_loot_1
Elf:3:    grunt_elf_hall_asides, layout_loops_cross, basic_altar
Vaults:1: hangedman_vaults_restitches, hangedman_vaults_stagger,
          vaults_room_semicircle, ontoclasm_vaults_decontamination,
          hangedman_vaults_snaps, nicolae_vaults_little_squares_1,
          vaults_standard_mumra_enter_the_diamond, nicolae_vaults_shelves_hall,
          nicolae_vaults_yaktaur_gun_rack, vaults_room_stairs_pillars,
          layout_vaults_omnigrid, basic_altar
Vaults:2: vaults_room_grid, nicolae_vaults_back_hallway,
          hangedman_vaults_stitches, hangedman_vaults_slither,
          hangedman_vaults_impose, vaults_standard_mumra_x,
          ontoclasm_vaults_loading_screen, vaults_room_grid,
          nicolae_vaults_little_squares_5, minmay_crypt_entry_simple_corners,
          nicolae_vaults_specimen_jars, vaults_room_boxed, vaults_dpeg_ring,
          vaults_room_corners, layout_vaults_maze_snakey,
          trove_entry_hex_spiral, serial_shops, nicolae_shop_overgrown_old_shop
Vaults:3: nicolae_vaults_little_squares_1, vaults_room_door_ring,
          nicolae_vaults_holding_cells, hangedman_vaults_variations,
          ontoclasm_vaults_spin, vaults_room_door_hall,
          ontoclasm_vaults_gateway, vaults_dpeg_cross,
          nicolae_vaults_little_squares_2, vaults_room_grid,
          nicolae_vaults_asterisk, nicolae_vaults_network_periphery,
          nicolae_vaults_alarming, v_misc_17, layout_vaults_big_cross,
          serial_shops, nicolae_shop_crystal
Vaults:4: advil_vaults_ghost_guards, vaults_room_large_hall,
          vaults_mumra_chevron, v_alt_pattern_6, v_misc_4, v_misc_8,
          hangedman_vaults_cutoff, v_misc_10, v_misc_10, nicolae_vaults_theta,
          st_spiral_rooms, vaults_room_fours, layout_vaults_ring
Vaults:5
Depths:1: layout_honeycomb, chequers_serial_rivers_room_a,
          grunt_pan_entry_zigzag, hangedman_geh_valley, serial_bayou_lagoon_b
Depths:2: wad_guarded_room, layout_cave_pools, enter_ziggurat_f,
          hangedman_tar_grid_catacomb, minivault_15,
          onia_ninara_dug_in_and_dangerous, uniq_mara, uniq_saint_roka
Depths:3: minmay_two_paths, layout_gridlike, grunt_pan_entry_spiral,
          grunt_mini_vestibule, minmay_fountain_box, infiniplex_staircase_star
Depths:4: minmay_skeleton_keep, layout_cave_pools, solitary_fountain,
          hell_entry, abyss_entry, serial_shops, bzr_entry_islet, shop_statue,
          shop
Depths:5: evilmike_zot_entry_round, layout_cave_pools, hangedman_decor_push,
          hell_entry, uniq_margery

Skill      XL: |  1  2  3  4  5  6  7  8  9 10 11 12 13 14 15 16 17 18 19 20 21 22 23 24 25 |
---------------+----------------------------------------------------------------------------+-----
Conjurations   | 3 4 5 6 7 9 10 11 12 13 14 15 16 | 16.3
Fighting       | 2 3 4 5 7 8 10 11 12 13 14 15 16 18 19 20 | 20.0
Dodging        | 3 4 5 6 7 9 10 11 12 13 14 15 16 | 16.6
Stealth        | 3 |  3.5
Spellcasting   | 4 5 6 7 8 10 11 12 13 14 15 16 17 18 | 18.6
Fire Magic     | 4 5 6 7 8 9 10 11 12 13 14 15 16 17 | 17.7
Shields        | 1 2 4 |  4.0
Evocations     | 1 4 6 7 |  7.0
Translocations | 3 5 6 8 9 10 11 12 | 12.9
Earth Magic    | 3 5 6 8 9 10 11 12 13 14 | 14.5
Throwing       | 4 6 8 |  8.0
Transmutations | 1 4 6 7 9 10 11 12 15 | 15.1
Short Blades   | 3 4 |  4.0
Necromancy     | 3 14 19 | 19.0

Action                   |  1- 3 |  4- 6 |  7- 9 | 10-12 | 13-15 | 16-18 | 19-21 | 22-24 | 25-27 || total
-------------------------+-------+-------+-------+-------+-------+-------+-------+-------+-------++-------
Melee: Dagger            |     4 |     1 |       |       |     2 |    13 |    10 |    18 |     2 ||    50
       Falchion          |       |       |     1 |     7 |    13 |       |       |       |       ||    21
       Staff             |       |       |       |       |     1 |       |       |       |       ||     1
       Lance             |       |       |       |       |       |       |       |       |    16 ||    16
 Fire: Hunting sling     |       |       |       |       |     5 |       |       |       |       ||     5
Throw: Dart              |       |       |     1 |       |     8 |     1 |    25 |     3 |       ||    38
       Stone             |       |       |       |       |     1 |       |       |       |       ||     1
 Cast: Foxfire           |    90 |   123 |   400 |   471 |   490 |   265 |    19 |       |       ||  1858
       Sticky Flame      |       |       |     7 |   132 |   182 |    97 |    21 |    36 |     6 ||   481
       Fireball          |       |       |       |    63 |   242 |   585 |   397 |   376 |    45 ||  1708
       Bolt of Magma     |       |       |       |       |    76 |       |       |       |       ||    76
       Mephitic Cloud    |       |       |       |       |     3 |       |    10 |     3 |       ||    16
       Blink             |       |       |       |       |     2 |     2 |       |     4 |       ||     8
       Iron Shot         |       |       |       |       |    16 |   131 |   181 |   167 |    44 ||   539
       Starburst         |       |       |       |       |     2 |       |       |     6 |     2 ||    10
       Lee's Rapid Decon |       |       |       |       |       |    11 |   128 |    97 |    16 ||   252
       Passwall          |       |       |       |       |       |     1 |       |       |       ||     1
       Ignition          |       |       |       |       |       |       |    19 |    96 |    27 ||   142
       Statue Form       |       |       |       |       |       |       |       |       |     2 ||     2
 Abil: Evoke Flight      |       |       |       |       |     3 |     5 |       |     1 |       ||     9
       Evoke Blink       |       |       |       |       |       |     2 |       |       |       ||     2
Evoke: Wand              |       |       |     1 |     5 |    16 |    14 |     1 |     7 |       ||    44
       Phantom mirror    |       |       |       |       |       |     2 |     1 |     1 |       ||     4
       Lightning rod     |       |       |       |       |       |       |     4 |     1 |       ||     5
       Phial of floods   |       |       |       |       |       |       |     1 |       |       ||     1
       Box of beasts     |       |       |       |       |       |       |       |       |     3 ||     3
  Use: Scroll            |     1 |       |     2 |    19 |    22 |     7 |     8 |    16 |       ||    75
       Potion            |       |       |       |     2 |     7 |     3 |     1 |     5 |     3 ||    21
 Stab: Sleeping          |     2 |       |       |     1 |     2 |       |       |       |       ||     5
       Paralysed         |       |       |       |       |       |     1 |       |       |       ||     1
Armor: Robe              |     3 |       |     4 |       |       |       |       |       |       ||     7
       Leather armour    |       |       |       |    10 |       |       |       |       |       ||    10
       Ring mail         |       |       |       |    13 |    90 |    96 |    13 |    18 |       ||   230
       Acid dragon scale |       |       |       |       |       |       |       |    35 |    11 ||    46
       Skin              |       |       |       |       |       |       |       |       |    20 ||    20
Dodge: Dodged            |     9 |       |    30 |   161 |   243 |   494 |   123 |   181 |   112 ||  1353
       Repelled          |       |       |       |     3 |     9 |     6 |     6 |     8 |     4 ||    36
Block: Buckler           |       |       |     6 |    98 |   123 |   238 |    29 |    65 |    33 ||   592
       Reflection        |       |       |       |       |       |       |       |    10 |     5 ||    15
       Rpst.: Falchion   |       |       |     1 |    43 |    27 |       |       |       |       ||    71

Table legend: (Time is in decaauts)
 A = Elapsed time spent in this place.
 B = Non-inter-level travel time spent in this place.
 C = Inter-level travel time spent in this place.
 D = Time resting spent in this place.
 E = Time spent auto-exploring this place.
 F = Levels seen in this place.
 G = Mean time per level.
                   A        B        C        D        E       F      G
               +--------+--------+--------+--------+--------+-----+--------+
         Total | 100363 |  85960 |  14403 |   8774 |  65380 |  53 | 1893.6 |
       Dungeon |  23722 |  19568 |   4154 |   1411 |  14994 |  15 | 1581.5 |
        Temple |     38 |     16 |     22 |      0 |     14 |   1 |   38.0 |
          Lair |  12910 |  10940 |   1970 |    634 |   8639 |   6 | 2151.7 |
        Shoals |   8240 |   7414 |    826 |    546 |   5950 |   4 | 2060.0 |
   Spider Nest |  12502 |  10825 |   1677 |   1944 |   7577 |   4 | 3125.5 |
    Slime Pits |   4550 |   4060 |    490 |   1078 |   2574 |   5 |  910.0 |
  Orcish Mines |   3435 |   2784 |    651 |    215 |   2129 |   2 | 1717.5 |
   Elven Halls |   7521 |   6442 |   1079 |    262 |   5500 |   3 | 2507.0 |
        Vaults |  12020 |  10138 |   1882 |    604 |   8382 |   5 | 2404.0 |
        Depths |  11671 |  10024 |   1647 |   1008 |   7702 |   5 | 2334.2 |
        Bazaar |     79 |     79 |      0 |      0 |     39 |   1 |   79.0 |
      Ice Cave |   2570 |   2570 |      0 |    655 |   1386 |   1 | 2570.0 |
      Gauntlet |   1097 |   1097 |      0 |    416 |    490 |   1 | 1097.0 |
               +--------+--------+--------+--------+--------+-----+--------+

Top non-repeatable levels by time:
Spider:3: 4603 daAuts
Vaults:4: 3845 daAuts
  Lair:6: 3408 daAuts
Depths:2: 3373 daAuts
Spider:1: 3302 daAuts
   Elf:2: 3279 daAuts
    D:12: 3159 daAuts
Spider:2: 3092 daAuts
Vaults:1: 2808 daAuts
Depths:3: 2652 daAuts
Vaults:2: 2623 daAuts
   IceCv: 2570 daAuts
    D:15: 2503 daAuts
Shoals:4: 2414 daAuts
Depths:4: 2402 daAuts
